 Dungeon Crawl Stone Soup version 0.31-a0-198-g2ad674f65e (webtiles) character file.

Game seed: 673899233367280979

65 qw the Shooter (level 3, 0/20 HPs)
             Began as a Deep Elf Hunter on June 25, 2023.
             Slain by a gnoll
             ... wielding a +0 spear
              (2 damage)
             ... on level 2 of the Dungeon.
             The game lasted 00:00:27 (841 turns).

qw the Shooter (Deep Elf Hunter)                     Turns: 841, Time: 00:00:27

Health: 0/20       AC:  5    Str: 10    XL:     3   Next: 94%
Magic:  4/4        EV: 11    Int: 13    God:
Gold:   63         SH:  0    Dex: 18    Spells: 2/2 levels left

rFire   . . .        Y - +0 shortbow
rCold   . . .        (shield currently unavailable)
rNeg    . . .        d - +0 ring mail
rPois   .            (no helmet)
rElec   .            (no cloak)
rCorr   .            (no gloves)
SInv    .            (no boots)
Will    .....        (no amulet)
Stlth   +            (no ring)
HPRegen 0.23/turn    (no ring)
MPRegen 0.09/turn

%: no passive effects
@: no status effects
A: claws 1, low MP 1, sense surroundings 1
a: no special abilities


You were on level 2 of the Dungeon.
You visited 1 branch of the dungeon, and saw 2 of its levels.

You collected 63 gold pieces.


Innate Abilities, Weirdness & Mutations

You have sharp fingernails.
Your magical capacity is low. (-10% MP)
You passively map a small area around you.


   Skills:
 - Level 1.5 Fighting
 + Level 7.4 Ranged Weapons
 - Level 2.4 Dodging
 - Level 1.2 Stealth


You had 2 spell levels left.
You didn't know any spells.
Your spell library was empty.

Inventory:

Hand Weapons
 Y - a +0 shortbow (weapon)
Armour
 d - a +0 ring mail (worn)
Jewellery
 c - a +4 ring of protection
Scrolls
 b - a scroll of identify {unknown}
Potions
 a - a potion of ambrosia {unknown}
 e - a potion of heal wounds {unknown}
 f - a potion of mutation

Dungeon Overview and Level Annotations

Branches:
Dungeon (2/15)

Altars:

Shops:
D:1 =


Message History

You kill the gnoll!
You shoot an arrow. The arrow barely misses the gnoll.
An endoplasm comes into view.
You shoot an arrow. The endoplasm quivers.
The arrow hits the gnoll.
The gnoll is moderately wounded.
The gnoll hits you but does no damage.
You shoot an arrow. The arrow hits the gnoll.
The gnoll is moderately wounded.
The gnoll hits you with a +0 club.
You shoot an arrow. The arrow closely misses the gnoll.
The gnoll barely misses you.
You shoot an arrow. The arrow hits the gnoll!
You kill the gnoll!
Found a club.
Enter note:
Enter note:
Enter note:
Enter note: You shoot an arrow.
The gnoll shouts!
The arrow hits the gnoll but does no damage.
You shoot an arrow. The arrow barely misses the gnoll.
You shoot an arrow. The arrow barely misses the gnoll.
You shoot an arrow. The arrow hits the gnoll!
The gnoll is heavily wounded.
The gnoll hits you from afar with a +0 spear.
You shoot an arrow. The arrow hits the endoplasm.
The endoplasm is moderately wounded.
The gnoll hits you from afar with a +0 spear.
The endoplasm freezes you.
You are frozen.
The endoplasm barely misses you.
The gnoll hits you from afar with a +0 spear.
You shoot an arrow. The arrow hits the endoplasm!
You kill the endoplasm!
The gnoll hits you from afar with a +0 spear.
You shoot an arrow. The arrow barely misses the gnoll.
The gnoll hits you from afar with a +0 spear.
You die...

# , , ..).# ##### ,
,....# ** * .....
.... , , ##### , ,
...# ###### , ,,
,..##.....) * ,
*###)........ ,
#..g........ ,
**####.#)........ ,*
#. #......@.......
.. , #....~~##......
#. #..~##~~#*#..## ,
,####..#~~#~~~~ ..#
* * #....##~~~~~~##
.# * ,
#.#....~~#~~~#~~#
,,#......#~~~~~~~~#,
* *
######.##~#~~#~~#,
##########..#~~~~~ #


You could see a gnoll.

Vanquished Creatures
  2 gnolls (D:2)
  A dart slug (D:1)
  5 endoplasms
  2 giant cockroaches (D:1)
  5 goblins
  7 hobgoblins
  8 kobolds
  2 quokkas
  3 bats
  3 frilled lizards
  2 rats (D:1)
40 creatures vanquished.

Notes
Turn   | Place    | Note
-------+----------+-------------------------------------------
     0 | D:1      | qw the Deep Elf Hunter began the quest for the Orb.
     0 | D:1      | Reached XP level 1. HP: 12/12 MP: 3/3
     0 | D:1      | 0 ||| qw: Version: 0.3-a-22-g0ed2b0b
     0 | D:1      | 0 ||| qw: Game counter: 5253
     0 | D:1      | 0 ||| qw: Melee chars always use a shield: true
     0 | D:1      | 0 ||| qw: God list: Okawaru
     0 | D:1      | 0 ||| qw: Allow faded altars: false
     0 | D:1      | 0 ||| qw: Do Orc after clearing Dungeon:15 true
     0 | D:1      | 0 ||| qw: Do second Lair branch before Depths: true
     0 | D:1      | 0 ||| qw: Lair rune preference: random
     0 | D:1      | 0 ||| qw: Goals: Normal
     0 | D:1      | 0 ||| PLANNING D:1-11
   101 | D:1      | Reached skill level 6 in Ranged Weapons
   101 | D:1      | Reached XP level 2. HP: 16/16 MP: 4/4
   195 | D:1      | Found a faded altar of an unknown god.
   219 | D:1      | Found Cyat's Jewellery Boutique.
   227 | D:1      | 227 ||| SHOPLISTING +6 ring of strength (504 gold, have
                  | 24).
   227 | D:1      | 227 ||| SHOPLISTING ring of fire (350 gold, have 24).
   227 | D:1      | 227 ||| SHOPLISTING ring of ice (350 gold, have 24).
   227 | D:1      | 227 ||| SHOPLISTING ring of poison resistance (280 gold,
                  | have 24).
   227 | D:1      | 227 ||| SHOPLISTING ring of protection from cold (350 gold,
                  | have 24).
   227 | D:1      | 227 ||| SHOPLISTING ring of see invisible (210 gold, have
                  | 24).
   252 | D:1      | 252 ||| FLEEEEING.
   334 | D:1      | Reached XP level 3. HP: 20/20 MP: 5/5
   618 | D:1      | 618 ||| UPGRADING to +0 ring mail.
   628 | D:1      | 628 ||| DROPPING +0 leather armour.
   629 | D:1      | 629 ||| READING scroll labelled FYIHEE XUAXU.
   630 | D:1      | 630 ||| READING scroll labelled OBESHR DUASHROC.
   633 | D:1      | 633 ||| DRINKING 2 dark potions.
   633 | D:1      | Gained mutation: Your magical capacity is low. (-10% MP)
                  | [potion of mutation]
   633 | D:1      | Gained mutation: You passively map a small area around you.
                  | [potion of mutation]
   633 | D:1      | Gained mutation: You have sharp fingernails. [potion of
                  | mutation]
   634 | D:1      | 634 ||| DROPPING scroll of butterflies.
   821 | D:2      | Reached skill level 7 in Ranged Weapons
   823 | D:2      | 823 ||| Stepping ~*~*~tactically~*~*~ (outnumbered).
   839 | D:2      | HP: 5/20 [gnoll/+0 spear (4)]
   840 | D:2      | HP: 2/20 [gnoll/+0 spear (4)]
   841 | D:2      | Slain by a gnoll

Levels and vault maps discovered:
D:1:      erik_arrival_triangle_large, layout_rooms, serial_shops, shop,
          serial_glass, glass_columns_a, glass_columns_a, glass_columns_a,
          ebering_ecumenical_altar_sacrificial, dk_noncrumbling_3
D:2:      layout_basic, basic_altar, minivault_4

Skill      XL: |  1  2  3 |
---------------+----------+-----
Ranged Weapons | 6 7 |  7.4
Fighting       | |  1.5
Dodging        | |  2.4
Stealth        | |  1.2

Action                     || total
---------------------------++-------
   Fire: Shortbow          ||   102
    Use: Scroll            ||     2
         Potion            ||     1
 Armour: Leather armour    ||     4
         Ring mail         ||     1
  Dodge: Dodged            ||     9

Table legend:
 A = Non-vault XP
 B = Vault XP
 C = Vault XP percentage of total XP
 D = Non-vault monster count
 E = Vault monster count
 F = Vault count percentage of total count
                 A         B        C        D         E       F
            +---------+---------+-------+---------+---------+-------
      Total |      94 |       0 |   0.0 |      40 |       0 |   0.0
            +---------+---------+-------+---------+---------+-------
        D:1 |      51 |       0 |   0.0 |      29 |       0 |   0.0
        D:2 |      43 |       0 |   0.0 |      11 |       0 |   0.0
            +---------+---------+-------+---------+---------+-------
